 Dungeon Crawl Stone Soup version 0.28.0-43-g3370ac3207 (webtiles) character file.

Game seed: 8022315868771690991

72 zeratav the Insei (level 4, -4/28 HPs)
             Began as an Octopode Transmuter on Apr 1, 2022.
             Killed by divine providence
             ... invoked by an orc priest
              (11 damage)
             ... on level 3 of the Dungeon.
             The game lasted 00:08:27 (3972 turns).

zeratav the Insei (Octopode Transmuter)             Turns: 3972, Time: 00:08:28

Health: -4/28      AC:  1    Str:  9    XL:     4   Next: 25%
Magic:  7/7        EV: 13    Int: 17    God:
Gold:   121        SH:  0    Dex: 12    Spells: 7/8 levels left

rFire   . . .      SeeInvis .     - Unarmed
rCold   . . .      Faith    .   (no shield)
rNeg    . . .      Spirit   .   (helmet restricted)
rPois   .          Reflect  .   (no amulet)
rElec   .          Harm     .   (no ring)
rCorr   .          Rampage  .   (no ring)
Will    .....                   (no ring)
Stlth   +++.......              (no ring)
HPRegen 0.09/turn               (no ring)
MPRegen 0.10/turn               (no ring)
                                (no ring)
                                (no ring)

@: no status effects
A: almost no armour, amphibious, 8 rings, camouflage 1, gelatinous body 1,
(nimble swimmer 1), tentacles
a: no special abilities


You were on level 3 of the Dungeon.
You visited 1 branch of the dungeon, and saw 3 of its levels.

You collected 121 gold pieces.

Inventory:

Missiles
 b - 5 curare-tipped darts (quivered)
 d - 6 poisoned darts
 e - 32 sling bullets
Scrolls
 h - a scroll of teleportation
Potions
 a - a potion of haste {unknown}
 c - a potion of attraction {unknown}
 g - a potion of heal wounds {unknown}
 i - a potion of berserk rage {unknown}


   Skills:
 + Level 1.0 Fighting
 + Level 0.2 Throwing
 + Level 2.1 Dodging
 + Level 1.8 Stealth
 + Level 3.4 Unarmed Combat
 + Level 2.5 Spellcasting
 + Level 2.4 Transmutations
 * Level 1.9 Poison Magic


You had 7 spell levels left.
You knew the following spells:

 Your Spells              Type           Power      Damage    Failure   Level
a - Beastly Appendage     Tmut           20%        N/A       7%          1

Your spell library contained the following spells:

 Spells                   Type           Power      Damage    Failure   Level
 Wereblood                Tmut           10%        N/A       10%         2
 Spider Form              Tmut/Pois      9%         N/A       22%         3
 Confusing Touch          Hex            2%         N/A       50%         3
 Ice Form                 Ice/Tmut       6%         N/A       73%         4
 Yara's Violent Unravell  Hex/Tmut       3%         3d4       97%         5
 Enfeeble                 Hex            1%         N/A       100%        7


Dungeon Overview and Level Annotations

Branches:
Dungeon (3/15)

Altars:
Wu Jian


Innate Abilities, Weirdness & Mutations

You cannot wear most types of armour.
You are amphibious.
You can wear up to eight rings at the same time.
Your skin changes colour to match your surroundings (Stealth+).
Your rubbery body absorbs attacks. (AC +1, EV +1)
((You are camouflaged when in or above water. (Stealth+)))
You have tentacles for arms and can constrict up to eight enemies at once.


Message History

Casting: Beastly Appendage (safe; 7% risk of failure)
Confirm with . or Enter, or press ? or * to list all spells.
One of your tentacles grows a vicious spike.
You barely miss the adder. You grab the adder.
You pierce the adder.
The adder is moderately wounded.
You constrict the adder. The adder bites you.
You tentacle-slap the adder but do no damage.
The adder is heavily wounded.
You constrict the adder. The adder bites you.
You are poisoned.
The adder poisons you!
You barely miss the adder.
You pierce the adder, but do no damage.
You squeeze the adder.
The adder is almost dead.
You constrict the adder.
You kill the adder!
You feel sick.
You feel sick.
You see here an adder corpse.
You start resting.
You feel sick.
Your magical contamination has completely faded away.
You start resting.
Your transformation is almost over.
You feel sick. x2
You are no longer poisoned.
You start resting.
A hobgoblin is nearby!
A hobgoblin is nearby!
Things that are here:
a +0 hand axe; a scroll of identify Your tentacle spike disappears.
You see here a +0 club.
The orc shouts!
You hear a shout!
The orc misses you.
The kobold shouts!
You hear a shout!
The orc misses you.
The orc priest shouts!
The orc priest calls down the wrath of Beogh upon you.
Beogh smites you!
You die...

############# #......†..).#
#.#########)# ##.## ##.## ###
###...#######...##### #..
...Y..##.Z...†....... #.#
#...g##.###...#####.## #.#
#.#.#.o...b.......... #.#
#...@..####.####.#### #.#
####......###......##?.(
#####.####.........B...####.+....
...........##..K..##..##..###S..?
#####.########........#.[..##KK$$
#.# ##.#.###.#..$$'#'JZ. #.#
#.#o#...##.[##.#### #.#
#.#.#....#####J#... #..
..#....#....##J##.#


You could see a sky beast (wandering), an orc priest, an orc, a scorpion zombie,
a giant cockroach, a hobgoblin, a bat and a kobold.

Vanquished Creatures
  An adder (D:3)
  2 worms (D:2)
  2 dart slugs (D:1)
  An orc (D:3)
  3 ball pythons
  10 endoplasms
  5 goblins
  5 hobgoblins
  A kobold (D:3)
  3 quokkas
  7 bats
  2 frilled lizards
  4 rats
46 creatures vanquished.

Notes
Turn   | Place    | Note
-------+----------+-------------------------------------------
     0 | D:1      | zeratav the Octopode Transmuter began the quest for the
                  | Orb.
     0 | D:1      | Reached XP level 1. HP: 13/13 MP: 3/3
   576 | D:1      | Found a faded altar of an unknown god.
   701 | D:1      | Reached skill level 1 in Poison Magic
   712 | D:1      | Reached XP level 2. HP: 13/18 MP: 3/5
  1431 | D:1      | Reached skill level 1 in Stealth
  1620 | D:2      | Reached XP level 3. HP: 23/23 MP: 4/6
  2270 | D:2      | Found an ornate altar of the Wu Jian Council.
  3054 | D:2      | HP: 1/23 [worm (6)]
  3795 | D:3      | Noticed a sky beast
  3806 | D:3      | Reached XP level 4. HP: 19/28 MP: 5/7
  3972 | D:3      | Killed from afar by an orc priest

Illustrated notes

Levels and vault maps discovered:
D:1:      dpeg_arrival_arbitrary_b, layout_basic, ebering_ecumenical_altar_box
D:2:      layout_loops_corners, basic_altar, minivault_26, minmay_tetromino_t2
D:3:      layout_loops_ring, gammafunk_ghost_arena, minmay_joined_circles,
          uniq_sigmund

Skill      XL: |  1  2 |
---------------+-------+-----
Poison Magic   | 1 |  1.9
Stealth        | 1 |  1.8
Fighting       | |  1.0
Throwing       | |  0.2
Dodging        | |  2.1
Unarmed Combat | |  3.4
Spellcasting   | |  2.5
Transmutations | |  2.4

Action                   |  1- 3 |  4- 6 || total
-------------------------+-------+-------++-------
Melee: Unarmed           |    91 |    12 ||   103
       Constrict         |    21 |     4 ||    25
       Tentacles         |    20 |     3 ||    23
       Kick              |    23 |     3 ||    26
       Punch             |     1 |       ||     1
Throw: Dart              |     6 |       ||     6
 Cast: Beastly Appendage |    26 |     1 ||    27
  Use: Scroll            |       |     1 ||     1
 Stab: Sleeping          |     7 |       ||     7
Armor: Skin              |    12 |       ||    12
Dodge: Dodged            |    64 |     8 ||    72
